 Dungeon Crawl Stone Soup version 0.17.0-24-gcfadda4 (console) character file.

191 jw the Cutter (level 5, 0/37 HPs)
             Began as an Octopode Berserker on Nov 17, 2015.
             Was a Believer of Trog.
             Succumbed to Ijyb's poison
             ... on level 3 of the Dungeon.
             The game lasted 00:09:56 (3111 turns).

jw the Cutter (Octopode Berserker)                  Turns: 3111, Time: 00:09:56

Health: 0/37       AC:  1    Str: 20      XL:     5   Next: 70%
Magic:  1/1        EV: 13    Int:  8 (9)  God:    Trog [**....]
Gold:   145        SH:  0    Dex: 13      Spells: 0 memorised, 4 levels left

rFire  . . .     SeeInvis .     b - +2 dagger (antimagic)
rCold  . . .     Clarity  .     (no shield)
rNeg   . . .     SustAt   .     (helmet restricted)
rPois  .         Gourm    .     (no amulet)
rElec  .         Spirit   .     i - +4 ring of strength
rCorr  .         Warding  .     (no ring)
rMut   .         Stasis   .     (no ring)
MR     .....                    (no ring)
Stlth  ++++......               (no ring)
                                (no ring)
                                (no ring)
                                (no ring)

@: lethally poisoned (0 -> -9), exhausted, slowed, very slow, not resistant to
hostile enchantments, stealthy
A: almost no armour, amphibious, 8 rings, constrict 8, camouflage 1, gelatinous
body 1
a: Berserk, Trog's Hand, Burn Spellbooks, Renounce Religion


You were on level 3 of the Dungeon.
You worshipped Trog.
Trog was pleased with you.
You were very hungry.

You visited 1 branch of the dungeon, and saw 3 of its levels.

You collected 145 gold pieces.

Inventory:

Hand Weapons
 b - a +2 antimagic dagger (weapon)
Missiles
 j - 17 poisoned needles
 k - 9 stones (quivered)
Jewellery
 i - a +4 ring of strength (left tentacle)
Scrolls
 c - 4 scrolls of identify
 d - a scroll of immolation
Potions
 a - a potion of resistance {unknown}
 e - a potion of berserk rage {unknown}
 g - a potion of agility
Comestibles
 f - 3 meat rations
 h - 3 bread rations


   Skills:
 + Level 3.7 Fighting
 * Level 4.0 Short Blades
 + Level 2.0 Throwing
 + Level 3.5 Dodging
 * Level 3.7 Stealth


You had 4 spell levels left.
You didn't know any spells.

Dungeon Overview and Level Annotations

Branches:
Dungeon (3/15)

Altars:

Annotations:
D:3 Natasha


Innate Abilities, Weirdness & Mutations

You cannot wear most types of armour.
You are amphibious.
You can wear up to eight rings at the same time.
You can use your tentacles to constrict eight enemies at once.
Your skin changes colour to match your surroundings (Stealth).
Your rubbery body absorbs attacks (AC +1).


Message History

Attempting RANGED ATTACK TO (3,-5) Throwing (i - inventory):
k - 10 stones (quivered)
Press: ? - help, Shift-Dir - straight line, f - bat
Aim: a bat You throw a stone.
The stone completely misses the bat.
You feel sick. The bat hits you but does no damage.
ATTACKING (0,-1)
You are feeling very hungry.
You hit the bat.
You kill the bat!
Trog accepts your kill.
You feel sick.
MOVING TO (-5,-6)
You feel sick.
MOVING TO (-4,-6)
You feel sick.
MOVING TO (-4,-5)
You feel sick.
MOVING TO (-3,-5)
You die...

.#####.##..###'######.......#
.# #.###.###.# #.......# .#
#.# #..##.# #.......# .#
##+####.##.######....g..## ##
#...###..#..............l. .#
#...'.............######.. .#
#..)####.....=...(# .#
#...#####.)......)#
.####.........).x..%..#
.'.##....###..>.......+
.#.##..:.######.......#
.#.##........##.......#
.#.##...####.##.......#
##.###### #.##.......#
#.#########.##########
#.#.........# #.#.#########


There were no monsters in sight!

Table legend:
 A = Turns spent in this place as a percentage of turns spent in the entire game.
 B = Non-inter-level travel turns spent in this place as a percentage of non-inter-level travel turns spent in the entire game.
 C = Inter-level travel turns spent in this place as a percentage of turns spent in this place.
 D = Turns resting spent in this place as a percentage of non-inter-level travel turns spent in this place.
 E = Turns spent auto-exploring this place as a percentage of non-inter-level travel turns spent in this place.
 F = Non-inter-level travel turns spent in this place divided by the number of levels of this place that you've seen.
                   A       B       C       D       E      F
               +-------+-------+-------+-------+-------+----------------------
         Total | 100.0 | 100.0 |   0.6 |   1.3 |   2.4 | 1559.7
       Dungeon | 100.0 | 100.0 |   0.6 |   1.3 |   2.4 | 1559.7
               +-------+-------+-------+-------+-------+----------------------

Table legend:
 A = Kills in this place as a percentage of kills in entire the game.
 B = Kills by you in this place as a percentage of kills by you in the entire game.
 C = Kills by friends in this place as a percentage of kills by friends in the entire game.
 D = Other kills in this place as a percentage of other kills in the entire game.
 E = Experience gained in this place as a percentage of experience gained in the entire game.
 F = Experience gained in this place divided by the number of levels of this place that you have seen.
                   A       B       C       D       E      F
               +-------+-------+-------+-------+-------+----------------------
         Total | 100.0 | 100.0 |  -nan |  -nan | 100.0 |  91.0
       Dungeon | 100.0 | 100.0 |  -nan |  -nan | 100.0 |  91.0
               +-------+-------+-------+-------+-------+----------------------

Vanquished Creatures
  Ijyb (D:3)
  Terence (D:3)
  Natasha (D:3)
  5 adders
  3 worms
  A giant gecko (D:1)
  An orc (D:3)
  A ball python (D:1)
  7 bats
  3 hobgoblins
  5 jackals
  8 giant newts
  13 goblins
  7 kobolds
  8 rats
65 creatures vanquished.

Notes
Turn   | Place    | Note
--------------------------------------------------------------
     0 | D:1      | jw the Octopode Berserker began the quest for the Orb.
     0 | D:1      | Reached XP level 1. HP: 16/16 MP: 1/1
   163 | D:1      | Reached skill level 1 in Stealth
   202 | D:1      | Reached XP level 2. HP: 14/21 MP: 2/2
   948 | D:2      | Reached skill level 1 in Throwing
   948 | D:2      | Reached XP level 3. HP: 21/26 MP: 3/3
  1760 | D:2      | Reached XP level 4. HP: 31/31 MP: 4/4
  1897 | D:2      | Reached ** piety under Trog
  2584 | D:3      | Noticed Terence
  2596 | D:3      | Killed Terence
  2596 | D:3      | Reached XP level 5. HP: 36/36 MP: 1/5
  2703 | D:3      | Noticed Natasha
  2710 | D:3      | Killed Natasha
  3058 | D:3      | Noticed Natasha
  3077 | D:3      | Noticed Ijyb
  3098 | D:3      | Killed Ijyb
  3098 | D:3      | Reached skill level 4 in Short Blades
  3110 | D:3      | HP: 1/37 [poisoned by Ijyb]
  3111 | D:3      | Succumbed to Ijyb's poison

Action                   |  1- 3 |  4- 6 || total
-------------------------+-------+-------++-------
Melee: Short sword       |    67 |    17 ||    84
       Dagger            |       |    44 ||    44
Throw: Stone             |    22 |    49 ||    71
Invok: Berserk           |       |     1 ||     1
  Use: Scroll            |     4 |     3 ||     7
       Potion            |     2 |     1 ||     3
 Stab: Sleeping          |     8 |     2 ||    10
  Eat: Chunk             |     3 |     4 ||     7

Vault maps used:
D:1:      dpeg_arrival_connections, fountainhead, bh_walls_and_bars
D:3:      nicolae_overflow_hidden_temple, first_bread, uniq_natasha, uniq_iyjb,
          uniq_terence
